Map: Ruinas de Seras

Players

PABLOM

  • Race: Terran Terran
  • League: Gold

Eternal - Winner!

  • Race: Zerg Zerg
  • League: Silver

VOD

Have the link to the VOD?

Description

Time

  • Played on: March 19, 2016, 8:37 a.m.
  • Length: 10:08
Show
View Real Time Build Order
Export as new Build Order

PABLOM Terran 

Build Orders: Mech 

Get SALT Encoding   

  12  0:01  SCV  
  13  0:13  SCV  
  14  0:22  Supply Depot  
  14  0:25  SCV  
  15  0:33  Refinery  
  15  0:43  SCV  
  15  0:47  Barracks  
  16  0:55  SCV  
  17  1:08  SCV  
  18  1:20  SCV  
  19  1:26  Refinery  
  19  1:33  Marine  
  19  1:34  Supply Depot  
  19  1:37  Orbital Command  
  20  2:02  Barracks Tech Lab  
  20  2:03  Factory  
  20  2:05  SCV  
  21  2:17  SCV  
  22  2:23  Marine  
  22  2:25  Stimpack  
  23  2:30  SCV  
  23  2:36  Factory  
  24  2:42  SCV  
  25  2:46  Factory Tech Lab  
  25  3:09  Command Center  
  24  3:24  Siege Tank  
  24  3:25  Factory Reactor  
  24  3:26  Marine  
  28  3:33  SCV  
  29  3:41  Starport  
  29  3:45  SCV  
  30  4:04  SCV  
  30  4:05  Supply Depot  
  30  4:06  Supply Depot  
  30  4:09  Supply Depot  
  31  4:25  Starport Reactor  
  31  4:26  Widow Mine x2  
  31  4:27  SCV, Siege Tank  
  39  4:39  SCV  
  37  5:38  Command Center  
  37  5:39  Widow Mine x2  
  37  5:40  Siege Tank  
  37  5:42  Marine  
  45  6:01  Marauder  
  47  6:21  Widow Mine, Marine  
  47  6:24  Cyclone  
  53  6:32  Armory  
  53  6:35  Armory  
  55  6:40  Marauder  
  55  6:56  Cyclone  
  55  7:01  Marine  
  59  7:02  SCV  
  59  7:04  Orbital Command  
  60  7:14  SCV  
  61  7:15  Factory  
  61  7:27  SCV  
  61  7:28  Siege Tank  
  65  7:30  Refinery  
  65  7:31  SCV  
  65  7:32  Refinery  
  66  7:39  SCV  
  66  7:44  SCV  
  67  7:51  SCV  
  68  7:56  SCV  
  69  8:03  SCV  
  70  8:57  Supply Depot  
  70  8:59  Supply Depot  
  70  9:01  Supply Depot x2  
  70  9:03  Factory Reactor  
  70  9:04  Supply Depot  
  70  9:05  Factory Tech Lab  
  70  9:19  SCV x2  
  72  9:28  Command Center  
  72  9:31  SCV x2  
  74  9:43  SCV x2  
  74  9:55  SCV x2  
Show
View Real Time Build Order
Export as new Build Order

Eternal Zerg - Winner!

Build Orders: Hatch First 

Get SALT Encoding   

  12  0:01  Drone  
  13  0:10  Drone  
  14  0:38  Drone, Hatchery  
  14  0:42  Extractor  
  13  0:59  Spawning Pool  
  13  1:02  Drone  
  13  1:13  Drone  
  14  1:20  Overlord  
  14  1:46  Metabolic Boost  
  14  1:48  Zergling x6  
  14  1:52  Drone  
  18  2:04  Queen  
  20  2:11  Drone  
  20  2:13  Zergling x2  
  22  2:28  Drone  
  22  2:29  Drone x2  
  25  2:31  Zergling x2  
  26  2:38  Overlord  
  26  2:43  Drone  
  27  2:49  Drone  
  28  2:53  Overlord  
  27  2:59  Zergling x2  
  28  3:06  Baneling Nest  
  28  3:07  Zergling x2  
  28  3:09  Zergling x2  
  29  3:21  Zergling x8  
  29  3:25  Drone  
  34  3:31  Drone  
  35  3:36  Drone x2  
  37  3:47  Drone  
  37  3:48  Drone  
  39  3:54  Baneling x3  
  39  3:57  Zergling x4  
  39  4:01  Zergling x6  
  44  4:13  Overlord x2  
  44  4:27  Hatchery  
  43  4:33  Drone x2  
  43  4:34  Drone x2  
  43  4:37  Drone  
  48  4:39  Drone  
  44  5:04  Drone x6  
  49  5:07  Lair  
  49  5:12  Extractor  
  48  5:16  Drone x2  
  48  5:17  Queen  
  52  5:32  Drone  
  52  5:33  Drone  
  53  5:41  Drone  
  53  5:42  Drone x5  
  59  5:50  Drone  
  59  5:53  Extractor  
  59  5:57  Drone x2  
  59  5:59  Drone  
  59  6:01  Queen  
  59  6:02  Overlord  
  61  6:30  Extractor  
  59  6:35  Overseer  
  59  6:37  Drone x15  
  74  6:47  Nydus Network  
  74  6:52  Evolution Chamber  
  71  6:55  Evolution Chamber  
  70  7:03  Zergling x4  
  70  7:04  Zergling x4  
  74  7:11  Extractor  
  74  7:14  Overlord x3  
  74  7:15  Overlord x4  
  73  7:16  Extractor  
  73  7:22  Drone  
  73  7:23  Drone, Centrifical Hooks  
  74  7:32  Zerg Missile Weapons Level 1  
  74  7:33  Zerg Ground Armor Level 1  
  74  7:40  Hydralisk Den  
  73  7:46  Zergling x2  
  73  7:47  Zergling x20  
  84  7:54  Overseer  
  84  7:55  Overseer  
  84  7:57  Overseer  
  84  8:01  Zergling x2  
  82  8:19  Hydralisk x9  
  83  8:20  Hydralisk x3  
  83  8:24  Muscular Augments  
  105  8:27  Pneumatized Carapace  
  105  8:28  Hydralisk  
  105  8:29  Drone  
  108  8:36  Lair  
  108  8:39  Overlord x2  
  108  8:41  Drone  
  109  8:49  Extractor  
  109  8:50  Drone  
  109  8:51  Hydralisk x2  
  109  8:53  Hydralisk  
  115  8:57  Hydralisk x3  
  115  9:02  Drone x3  
  124  9:05  Zergling x2  
  124  9:06  Hydralisk  
  124  9:09  Hydralisk  
  129  9:12  Zergling x2  
  129  9:14  Overlord  
  130  9:17  Overlord  
  130  9:24  Nydus Canal  
  130  9:27  Zergling x4  
  130  9:28  Zergling x6  
  135  9:35  Zergling x2  
  135  9:36  Zergling x6  
Tags
 
Composition
Mech
Matchup
TvZ
Add a new tag
Caveats
  • Supply blocks, unpowered buildings, or Contaminate may cause inaccurate times.
  • Supply counts are checked every 10 seconds.